 Dungeon Sprint DCSS version 0.30.1-11-g7821555f0a (webtiles) character file.

Game seed: 16334919677875053526

3113 Groucho the Covert (level 9, -5/68 HPs)
             Began as an Octopode Transmuter on Dec 10, 2023.
             Slain by a polar bear (12 damage)
             ... in the Dungeon (Sprint II: "The Violet Keep of Menkaure").
             The game lasted 00:08:30 (1846 turns).

Groucho the Covert (Octopode Transmuter)            Turns: 1846, Time: 00:08:30

Health: -5/68      AC:  2    Str:  7    XL:     9   Next: 91%
Magic:  20/21      EV: 26    Int: 19    God:
Gold:   247        SH:  0    Dex: 16    Spells: 5/24 levels left

rFire   + .          .
                       - Unarmed
rCold   . . .        (shield currently unavailable)
rNeg    . . .        (helmet currently unavailable)
rPois   x            (no amulet)
rElec   .            c - ring of protection from fire
rCorr   .            (no ring)
SInv    .            (no ring)
Will    .....        (no ring)
Stlth   +++++        (no ring)
HPRegen 0.31/turn    (no ring)
MPRegen 0.17/turn    (no ring)
                     (no ring)

%: no teleportation, random rage (3%)
@: lethally poisoned (-5 -> -8), spider-form (expiring), wereblooded, on berserk
cooldown, slowed, very slow
A: venomous fangs, almost no armour, (amphibious), 8 rings, tiny, (camouflage
1), (gelatinous body 1), (nimble swimmer 1), (tentacles), berserk 1, clumsy 1,
weak 1
a: End Transformation


You were in the Dungeon.
You were a venomous arachnid creature.
You visited 1 branch You collected 972 gold pieces.
You spent 725 gold pieces at shops.

Inventory:

Hand Weapons
 b - a +0 spear
Jewellery
 c - a ring of protection from fire (left front pincers)
Scrolls
 g - a scroll of blinking
Potions
 a - a potion of lignification
 d - a potion of haste
 e - 2 potions of magic


   Skills:
 + Level 9.1 Fighting
 + Level 9.3 Dodging
 + Level 12.6 Stealth
 + Level 9.5 Unarmed Combat
 + Level 8.3 Spellcasting
 + Level 9.2 Transmutations
 * Level 3.1 Earth Magic
 - Level 5.0 Poison Magic


You had 5 spell levels left.
You knew the following spells:

 Your Spells              Type           Power      Damage    Failure   Level
a - Beastly Appendage     Tmut           86%        N/A       2%          1
b - Wereblood             Tmut           43%        N/A       2%          2
c - Spider Form           Tmut/Pois      35%        N/A       6%          3
d - Ice Form              Ice/Tmut       25%        N/A       30%         4
e - Iskenderun's Mystic   Conj/Tloc      7%         2d4       83%         4
f - Lee's Rapid Deconstr  Erth           9%         3d7*      77%         5

Your spell library contained the following spells:

 Spells                   Type           Power      Damage    Failure   Level
 Volatile Blastmotes      Fire/Tloc      14%        2d11      47%         3
 Fulminant Prism          Conj/Hex       3%         3d5       83%         4


Dungeon Overview and Level Annotations

Branches:
Dungeon (1/1)

Altars:
Cheibriados
Dithmenos
Elyvilon
Fedhas
Gozag
Hepliaklqana
Kikubaaqudgha
Makhleb
Qazlal
Ru
Sif Muna
Trog
Wu Jian
Jiyva
Lugonu

Shops:
D !*:((?*:[=[=:!=

Annotations:
D exclusion: oklob plant


Innate Abilities, Weirdness & Mutations

You are a venomous arachnid creature.
You have venomous fangs.
You are tiny and dextrous.
Your spellcasting is less reliable in this form.
Your armour is entirely melded.
You are incapable of wielding weapons or throwing items.
You cannot wear most types of armour.
((You are amphibious.))
You can wear up to eight rings at the same time.
((Your skin changes colour to match your surroundings (Stealth+).))
((Your rubbery body absorbs attacks. (AC +1, EV +1)))
((You are camouflaged when in or above water. (Stealth+)))
((You have tentacles for arms and can constrict up to eight enemies at once.))
You sometimes lose your temper in combat.
You are clumsy. (Dex -2)
You are weak. (Str -2)


Message History

You are too injured to fight recklessly!
Unknown command.
Unknown command.
Okay, then.
You hit the hornet.
The hornet looks as sick as possible!
The hornet is severely wounded.
You hiss as the wereblood boils in your veins!
You feel very sick.
The hornet stings you but does no damage.
You closely miss the hornet.
The hornet is severely wounded.
You feel very sick.
You feel a bit better.
You kill the hornet!
The yaktaur wields a +0 arbalest.
The yaktaur shoots a bolt.
The bolt misses you.
Your Earth Magic skill increases to level 3!
You hit the polar bear.
The polar bear is poisoned.
The polar bear is lightly wounded.
You feel very sick. The polar bear closely misses you.
The polar bear claws you.
* * * LOW HITPOINT WARNING * * *
The polar bear misses you. The polar bear bites you.
* * * LOW HITPOINT WARNING * * *
The polar bear misses you. x2
Unknown command.
Unknown command.
Unknown command.
Unknown command.
You hit the polar bear.
The polar bear looks as sick as possible!
The polar bear is moderately wounded.
You feel sick. The polar bear bites you.
* * * LOW HITPOINT WARNING * * *
The polar bear barely misses you. The polar bear closely misses you.
You bite the polar bear!
The polar bear looks as sick as possible!
The polar bear is heavily wounded.
You feel sick. The polar bear bites you!
You die...

... +## #^ k ..# .####
+.##. #..# ...# ...####
######..## #..##$#
'###.##..# +..#..#
.##...#..# #..#..#
<.'###'..####.^##h#
.##...#§§..###..s##▓▓
'###.##..§...~~~~~~~~~~~
..####§~§.§§.~#+########
#..#~~~~~~~.§~#....._..#
..##~§~~~~~~.§#...._._.#
+##~~§≈≈≈§§~~~#..._._._#
~~~~~§§≈≈≈§§~#.._._._.#
+++#~≈≈≈§§§≈~#._._._._#
##§≈§###≈≈#_._._.


You could see a polar bear (extremely poisoned).

Vanquished Creatures
  2 boulder beetles (D)
  A merfolk siren (D)
  2 polar bears (D)
  A hornet (D)
  2 wyverns (D)
  4 neqoxecs (D)
  2 water moccasins (D)
14 creatures vanquished.

Vanquished Creatures (others)
  Menkaure (D)
1 creature vanquished.

Grand Total: 15 creatures vanquished

Notes
Turn   | Place    | Note
-------+----------+-------------------------------------------
     0 | D        | Groucho the Octopode Transmuter began the quest for the
                  | Orb.
     0 | D        | Reached XP level 1. HP: 13/13 MP: 3/3
     3 | D        | Noticed a neqoxec
     9 | D        | Gained mutation: You are clumsy. (Dex -2) [a neqoxec]
    10 | D        | Killed a neqoxec
    11 | D        | Reached skill level 5 in Stealth
    11 | D        | Reached skill level 5 in Unarmed Combat
    11 | D        | Reached XP level 2. HP: 22/22 MP: 1/7
    11 | D        | Reached XP level 3. HP: 27/27 MP: 1/8
    11 | D        | Reached XP level 4. HP: 33/33 MP: 1/10
    11 | D        | Reached XP level 5. HP: 37/37 MP: 1/11
    11 | D        | Noticed a neqoxec
    11 | D        | Noticed a neqoxec
    11 | D        | Noticed a neqoxec
    14 | D        | Killed a neqoxec
    15 | D        | Reached skill level 5 in Fighting
    15 | D        | Reached skill level 5 in Dodging
    15 | D        | Reached skill level 7 in Stealth
    15 | D        | Reached skill level 5 in Transmutations
    15 | D        | Reached XP level 6. HP: 45/45 MP: 2/13
    16 | D        | Gained mutation: You sometimes lose your temper in combat.
                  | [a neqoxec]
    18 | D        | Gained mutation: You are weak. (Str -2) [a neqoxec]
    19 | D        | Killed a neqoxec
    20 | D        | Reached skill level 8 in Stealth
    20 | D        | Reached skill level 5 in Spellcasting
    25 | D        | Killed a neqoxec
    26 | D        | Reached XP level 7. HP: 52/52 MP: 2/15
    26 | D        | Noticed an ice statue
   108 | D        | Reached skill level 9 in Stealth
   207 | D        | Killed Menkaure
   490 | D        | Noticed a boulder beetle
   491 | D        | Noticed a boulder beetle
   497 | D        | Learned a level 2 spell: Wereblood
   501 | D        | Learned a level 3 spell: Spider Form
   504 | D        | Noticed a merfolk siren
   514 | D        | Killed a merfolk siren
   515 | D        | Reached skill level 10 in Stealth
   515 | D        | Reached XP level 8. HP: 60/60 MP: 17/17
   519 | D        | Noticed a wyvern
   519 | D        | Noticed a wyvern
   528 | D        | Killed a wyvern
  1016 | D        | Killed a wyvern
  1196 | D        | Killed a boulder beetle
  1197 | D        | Reached skill level 11 in Stealth
  1197 | D        | Reached skill level 5 in Poison Magic
  1197 | D        | Reached XP level 9. HP: 38/66 MP: 15/20
  1211 | D        | Killed a boulder beetle
  1212 | D        | Reached skill level 12 in Stealth
  1294 | D        | Learned a level 4 spell: Ice Form
  1334 | D        | Found Falorax's Distillery.
  1334 | D        | Found Poibairecs's Jewellery Boutique.
  1334 | D        | Found Ystrasen's Antique Armour Boutique.
  1334 | D        | Found Wethis Lary's Book Boutique.
  1334 | D        | Found Neacvul's Jewellery Boutique.
  1335 | D        | Found Foppahug's Jewellery Shop.
  1335 | D        | Found Tabaz's Antique Armour Boutique.
  1335 | D        | Found Notampa's Book Shop.
  1336 | D        | Found Boivis's Assorted Antiques.
  1336 | D        | Found Mavyrul's Magic Scroll Boutique.
  1336 | D        | Noticed a manticore
  1346 | D        | Found Fitiala's Antique Weapon Boutique.
  1346 | D        | Found Zarghaple's Weapon Shop.
  1346 | D        | Noticed a manticore
  1346 | D        | Noticed a manticore
  1346 | D        | Noticed an oklob plant
  1347 | D        | Found Meryk's Assorted Antiques.
  1347 | D        | Found Ikaar's Book Shoppe.
  1347 | D        | Found Roilufal's Distillery.
  1348 | D        | Noticed a shining eye
  1348 | D        | Noticed a shining eye
  1349 | D        | Noticed a shining eye
  1352 | D        | Noticed a death yak
  1758 | D        | Bought a book of Blasting for 400 gold pieces
  1763 | D        | Bought a ring of protection from fire for 325 gold pieces
  1795 | D        | Found a blossoming altar of Fedhas.
  1795 | D        | Found an opulent altar of Gozag.
  1796 | D        | Found a white marble altar of Elyvilon.
  1796 | D        | Found a burning altar of Makhleb.
  1797 | D        | Found a shadowy altar of Dithmenos.
  1797 | D        | Found a corrupted altar of Lugonu.
  1803 | D        | Learned a level 4 spell: Iskenderun's Mystic Blast
  1809 | D        | Learned a level 5 spell: Lee's Rapid Deconstruction
  1809 | D        | Found a snail-covered altar of Cheibriados.
  1809 | D        | Found an ancient bone altar of Kikubaaqudgha.
  1809 | D        | Found a bloodstained altar of Trog.
  1810 | D        | Found a viscous altar of Jiyva.
  1810 | D        | Found a shimmering blue altar of Sif Muna.
  1811 | D        | Found a hazy altar of Hepliaklqana.
  1811 | D        | Found a sacrificial altar of Ru.
  1812 | D        | Found a stormy altar of Qazlal.
  1812 | D        | Found an ornate altar of the Wu Jian Council.
  1815 | D        | Noticed a yaktaur
  1815 | D        | Noticed a hornet
  1815 | D        | Noticed a polar bear
  1816 | D        | Noticed a polar bear
  1816 | D        | Noticed a polar bear
  1828 | D        | Killed a polar bear
  1831 | D        | Killed a polar bear
  1836 | D        | Paralysed by a hornet for 1 turns
  1843 | D        | Killed a hornet
  1846 | D        | Slain by a polar bear

Illustrated notes

Levels and vault maps discovered:
D:        the_violet_keep_of_menkaure [sprint2_stairs_cluster_1,
          sprint2_shoproom, sprint2_temple, sprint2_basic_supplies,
          sprint2_obstacle_1, sprint2_obstacle_5, sprint2_obstacle_2,
          sprint2_obstacle_4, sprint2_obstacle_7, sprint2_timed_cluster_1,
          sprint2_smallroom_cluster_1, sprint2_smallroom_final_cluster_1,
          sprint2_transparent_cluster_1, sprint2_second_timed_cluster_1,
          sprint2_sniper_area_1, sprint2_heavy_combat_area_1,
          sprint2_mutation_trap_area_1, sprint2_forest_area_1,
          sprint2_light_combat_area_1, sprint2_behind_water_1,
          sprint2_near_end_vault_1]

Skill      XL: |  1  2  3  4  5  6  7  8  9 |
---------------+----------------------------+-----
Fighting       | 3 5 6 7 8 9 |  9.1
Dodging        | 4 5 6 7 8 9 |  9.3
Stealth        | 5 7 8 10 11 12 | 12.6
Unarmed Combat | 5 6 7 8 9 |  9.5
Spellcasting   | 4 5 6 7 8 |  8.3
Transmutations | 4 5 6 7 8 9 |  9.2
Poison Magic   | 3 5 |  5.0
Earth Magic    | 3 |  3.1

Action                     |  1- 3 |  4- 6 |  7- 9 || total
---------------------------+-------+-------+-------++-------
  Melee: Unarmed           |     3 |    14 |    64 ||    81
         Tentacles         |     1 |     3 |    10 ||    14
         Constrict         |     1 |     3 |     3 ||     7
         Kick              |       |     1 |     8 ||     9
         Punch             |       |       |     4 ||     4
   Cast: Beastly Appendage |     1 |       |     4 ||     5
         Spider Form       |       |       |     2 ||     2
         Wereblood         |       |       |     2 ||     2
    Use: Potion            |     2 |       |     1 ||     3
   Stab: Sleeping          |       |       |     6 ||     6
 Armour: Skin              |       |       |     2 ||     2
  Dodge: Dodged            |     2 |     2 |    56 ||    60
